Map: Winter's Gate LE

Players

pHARM - Winner!

  • Race: Zerg Zerg
  • League: Platinum
  • Spawn Location: 11:00

JOEY

  • Race: Terran Terran
  • League: Platinum
  • Spawn Location: 5:00

VOD

Have the link to the VOD?

Description

Time

  • Played on: Aug. 30, 2019, 11:51 p.m.
  • Length: 16:02
Show
View Real Time Build Order
Export as new Build Order

pHARM Zerg - Winner!

Build Orders: Hatch First, Brood Lord Corruptor 

Get SALT Encoding   

  12  0:01  Drone  
  13  0:13  Overlord  
  13  0:17  Drone  
  14  0:32  Drone  
  14  0:33  Drone  
  16  1:06  Hatchery  
  16  1:10  Drone  
  16  1:11  Drone x2  
  18  1:17  Spawning Pool  
  17  1:23  Drone  
  18  1:33  Drone  
  19  1:42  Extractor  
  19  1:45  Drone  
  19  2:04  Drone  
  19  2:05  Drone  
  21  2:15  Overlord  
  21  2:17  Queen  
  21  2:19  Queen  
  21  2:22  Zergling x2  
  26  2:33  Drone  
  26  2:34  Drone  
  28  2:38  Hatchery  
  27  2:49  Drone x3  
  30  2:59  Drone x2  
  32  3:15  Drone x2  
  32  3:16  Drone  
  32  3:18  Lair  
  35  3:23  Drone  
  35  3:24  Pneumatized Carapace  
  36  3:27  Overlord x2  
  36  3:46  Drone x6  
  42  3:51  Queen  
  42  3:53  Drone  
  45  4:03  Extractor  
  45  4:05  Extractor  
  45  4:09  Overlord x2  
  43  4:10  Drone  
  43  4:11  Drone x4  
  48  4:32  Overlord x2  
  48  4:42  Drone x11  
  59  4:54  Spore Crawler  
  59  4:56  Spore Crawler  
  59  4:57  Spore Crawler  
  59  4:59  Spore Crawler  
  55  5:03  Spore Crawler  
  55  5:05  Drone x4  
  55  5:06  Drone x2  
  60  5:08  Spore Crawler x2  
  60  5:09  Spore Crawler x2  
  60  5:13  Spore Crawler x2  
  60  5:14  Spore Crawler  
  53  5:15  Spore Crawler  
  53  5:17  Spore Crawler, Drone x2  
  53  5:18  Spore Crawler  
  53  5:19  Drone  
  53  5:33  Drone  
  53  5:34  Drone x6  
  60  5:39  Queen  
  62  6:04  Extractor x2  
  58  6:27  Queen x3  
  60  6:52  Drone x7  
  60  6:53  Drone x8  
  69  7:02  Queen x2  
  69  7:03  Queen  
  71  7:38  Queen x2  
  71  7:39  Queen  
  77  7:45  Hydralisk Den  
  76  8:01  Overlord x3  
  76  8:02  Overlord  
  76  8:14  Queen x3  
  82  8:24  Spire  
  81  8:33  Hydralisk x4  
  81  8:34  Hydralisk x12  
  83  8:37  Infestation Pit  
  112  8:53  Grooved Spines  
  112  8:59  Overlord  
  112  9:00  Overlord x7  
  112  9:07  Hatchery  
  111  9:17  Hive  
  111  9:36  Zerg Flyer Armor Level 1, Corruptor  
  111  9:37  Corruptor x13  
  124  10:21  Drone x3  
  124  10:22  Drone  
  124  10:25  Drone  
  129  10:31  Drone  
  129  10:32  Drone x11  
  141  11:21  Drone  
  141  11:22  Drone x4  
  141  11:25  Extractor  
  145  11:27  Extractor  
  144  11:34  Greater Spire  
  140  12:16  Hatchery  
  139  12:32  Corruptor  
  139  12:33  Corruptor x12  
  139  12:36  Overlord x12  
  165  12:48  Zerg Flyer Armor Level 2  
  165  13:17  Drone x4  
  165  13:19  Drone  
  170  13:23  Brood Lord x12  
  194  13:31  Spine Crawler  
  194  13:33  Spine Crawler  
  194  13:34  Spore Crawler, Spine Crawler  
  191  13:38  Drone x4  
  194  13:43  Spine Crawler  
  194  13:46  Spore Crawler, Spine Crawler x2  
  194  13:48  Drone x4  
  178  14:57  Corruptor x11  
  200  15:03  Hatchery  
Show
View Real Time Build Order
Export as new Build Order

JOEY Terran 

Build Orders: Reaper Expand, Mech 

Get SALT Encoding   

  12  0:01  SCV  
  13  0:13  SCV  
  14  0:18  Supply Depot  
  14  0:25  SCV  
  15  0:40  SCV  
  16  0:52  SCV  
  17  1:07  Command Center  
  16  1:21  Barracks  
  16  1:22  Refinery  
  16  1:28  Refinery  
  16  1:29  SCV  
  17  1:41  SCV  
  18  1:53  SCV  
  19  2:10  Reaper  
  19  2:11  Orbital Command  
  20  2:17  Supply Depot  
  20  2:21  SCV  
  21  2:26  Factory  
  21  2:33  SCV  
  22  2:40  SCV  
  23  2:45  SCV  
  23  2:46  Marine  
  25  2:57  SCV  
  26  3:03  Refinery  
  26  3:04  Marine  
  27  3:06  SCV  
  27  3:09  SCV  
  28  3:18  Bunker  
  28  3:25  Starport x2  
  28  3:28  Marine  
  28  3:30  SCV  
  30  3:35  Refinery  
  30  3:37  SCV  
  31  3:44  SCV  
  32  3:52  Orbital Command  
  32  3:56  Factory Tech Lab  
  32  4:08  Fusion Core, Starport Tech Lab x2  
  32  4:10  Marine  
  33  4:18  SCV, Supply Depot  
  33  4:19  SCV  
  35  4:30  SCV  
  37  4:31  SCV  
  43  5:00  Battlecruiser  
  43  5:01  Battlecruiser  
  49  5:08  Weapon Refit  
  49  5:15  Barracks Reactor  
  49  5:18  SCV x2  
  51  5:21  Supply Depot  
  51  5:39  Factory  
  51  5:44  Supply Depot  
  51  5:51  Factory  
  52  6:04  SCV x2  
  52  6:06  Battlecruiser  
  52  6:11  Battlecruiser  
  65  6:16  SCV x2  
  67  6:33  Factory Tech Lab  
  67  6:35  Factory Tech Lab  
  67  6:36  SCV  
  67  6:37  SCV  
  69  6:48  SCV  
  69  6:49  Command Center  
  70  7:12  Supply Depot  
  70  7:13  Supply Depot  
  70  7:33  SCV x2  
  72  7:42  Factory  
  72  7:44  Factory  
  72  7:48  Factory  
  78  7:51  Battlecruiser  
  78  7:53  Factory, Supply Depot  
  78  7:58  Siege Tank x2  
  84  8:15  Supply Depot  
  84  8:20  Siege Tank, Engineering Bay  
  84  8:23  Engineering Bay  
  84  8:26  Armory  
  87  8:28  SCV  
  88  8:37  Armory  
  88  8:43  Factory Tech Lab, Factory Reactor  
  88  8:44  Factory Tech Lab x2  
  88  8:51  SCV x2  
  90  8:57  Planetary Fortress  
  90  9:06  Siege Tank  
  90  9:07  Widow Mine  
  95  9:25  Siege Tank x2  
  95  9:26  Hellion x2  
  95  9:27  Hellion  
  107  9:33  Refinery  
  107  9:35  Refinery  
  107  9:45  Siege Tank  
  110  9:46  Hellion x2  
  110  9:47  Marine x2  
  110  9:48  SCV  
  117  10:09  SCV  
  117  10:13  Marine x2, Missile Turret  
  114  10:31  Marine x2  
  114  10:34  Supply Depot  
  116  10:39  Missile Turret  
  116  10:43  Missile Turret  
  116  10:48  Thor  
  116  10:52  Thor  
  116  10:56  Hellion x5  
  116  11:00  Marine x2  
  116  11:01  Thor  
  124  11:31  Supply Depot  
  124  11:37  Missile Turret  
  124  11:40  Supply Depot  
  124  11:52  Terran Vehicle And Ship Armor Level 1, Terran Vehicle Weapons Level 1  
  124  11:53  Supply Depot  
  124  11:54  Cyclone  
  117  11:55  Missile Turret  
  117  12:02  Medivac x2  
  121  12:17  Neosteel Armor  
  121  12:19  Widow Mine x2  
  121  12:20  Cyclone  
  127  12:47  Cyclone x2  
  133  13:06  Command Center  
  133  13:10  Marine  
  134  13:23  Supply Depot  
  134  13:30  Supply Depot  
  134  13:45  Marine x2, Raven, Hellbat x2  
  142  13:52  Siege Tank x2  
  131  14:19  Planetary Fortress  
  117  14:26  Missile Turret  
  117  14:28  Thor  
  71  14:58  Barracks  
  71  15:05  SCV x2  
  71  15:06  SCV  
  74  15:08  Starport Reactor  
  74  15:11  Marine x2  
  76  15:17  SCV  
  76  15:18  Widow Mine x2  
  76  15:21  SCV x2, Starport Reactor  
  83  15:29  Marine x2  
  83  15:30  SCV  
Tags
 
Add a new tag
Caveats
  • Supply blocks, unpowered buildings, or Contaminate may cause inaccurate times.
  • Supply counts are checked every 10 seconds.